Patriotes vs Little Stars

Created - April 18, 2018 at 23:14

Goals
1 2 3 OT1 T
Patriotes 1 0 1 1 3
Little Stars 1 0 1 0 2
Shots
1 2 3 OT1 T
Patriotes 11 10 17 2 40
Little Stars 20 12 9 1 42

1st period

1. Patriotes , Justin Florek 15 (Phil McRae 19, David Kolomatis 25) at 8:39
2. Little Stars , Alexander Vasyunov 21 (Mathieu Perreault 34) at 12:53

Penalties :
Dana Tyrell (Tex) for Boarding (Minor) at 10:42, David Kolomatis (Nyc) for Hooking (Minor) at 15:23

2nd period

No Goal

Penalties :
Mark Stone (Nyc) for Hooking (Minor) at 3:26, Justin Florek (Nyc) for Holding (Minor) at 11:30, Ryan Wilson (Nyc) for Tripping (Minor) at 16:15

3rd period

3. Little Stars , Jesse Joensuu 41 (Cam Atkinson 49, Dana Tyrell 40) at 10:02
4. Patriotes , Mark Stone 19 (Phil McRae 20, Anthony Bitetto 29) at 12:23

Penalties :
Anthony Bitetto (Nyc) for Holding (Minor) at 5:07, Hugh Jessiman (Tex) for Hooking (Minor) at 17:34

Overtime #1

5. Patriotes , Fedor Fedorov 26 (David Kolomatis 26, Aaron Ness 14) at 4:20

Penalties :
No Penalty

Goalie Stats

Andrei Vasilevskiy (Nyc), 40 saves from 42 shots - (0.952), W, 10-14-6, 64:20 minutes
Jhonas Enroth (Tex), 37 saves from 40 shots - (0.925), OTL, 43-14-2, 64:20 minutes

Players Stats for Patriotes

Player Name              G  A  P  +/- PIM S  H  SB GA TA FO     MP     PP MP  PK MP  
------------------------------------------------------------------------------------
Aaron Ness               0  1  1   3  0   3  3  2  0  1  0/0    24:38   1:50   5:25 
Andrew Gordon            0  0  0  -1  0   3  2  0  0  0  5/10   24:47   1:53   5:15 
Anthony Bitetto          0  1  1  -1  2   4  2  3  0  4  0/0    28:59   2:08   3:43 
Austin Watson            0  0  0   0  0   0  0  0  0  0  0/0     1:46   0:00   0:10 
Christian Hanson         0  0  0  -1  0   1  3  3  0  1  13/24  24:35   1:53   5:03 
David Kolomatis          0  2  2   2  2   2  3  2  0  1  0/0    27:38   1:50   4:08 
Emerson Etem             0  0  0   0  0   2  1  0  0  1  0/0     6:52   0:00   0:00 
Evgeny Kuznetsov         0  0  0   0  0   3  2  0  0  0  5/16   15:52   2:05   0:51 
Fedor Fedorov            1  0  1   0  0   3  1  1  1  2  0/2    23:17   1:53   4:22 
Jared Knight             0  0  0   0  0   0  0  0  0  0  1/4     6:52   0:00   0:00 
Justin Florek            1  0  1   1  2   4  0  0  0  0  0/1    10:34   0:00   0:00 
Mark Stone               1  0  1   1  2   2  2  0  0  0  0/1    10:35   0:00   0:00 
Matt Calvert             0  0  0   0  0   3  3  0  2  0  0/1    14:30   2:05   0:00 
Phil McRae               0  2  2   1  0   3  2  0  1  0  1/5    10:35   0:00   0:00 
Riley Barber             0  0  0   1  0   0  0  0  0  0  0/0     2:24   0:00   1:46 
Robbie Russo             0  0  0   0  0   0  0  2  0  0  0/0    12:38   0:00   1:45 
Robert Baillargeon       0  0  0   0  0   0  0  0  0  0  0/0     0:00   0:00   0:00 
Ryan Wilson              0  0  0  -2  2   3  4  3  1  0  0/0    32:17   2:08   3:59 
Scott Glennie            0  0  0   0  0   0  0  0  0  0  0/0     1:36   0:00   0:00 
Tyler Randell            0  0  0   0  0   4  4  1  0  0  0/0    20:03   2:05   3:13 
Vince Hinostroza         0  0  0   0  0   0  0  0  0  0  0/0     6:52   0:00   0:00 

Players Stats for Little Stars

Player Name              G  A  P  +/- PIM S  H  SB GA TA FO     MP     PP MP  PK MP  
------------------------------------------------------------------------------------
Alex Chiasson            0  0  0   0  0   6  4  1  3  0  5/9    24:44   5:18   2:09 
Alexander Vasyunov       1  0  1  -1  0   2  0  0  1  0  0/0    11:03   0:00   0:21 
Andrej Sustr             0  0  0   0  0   3  1  1  0  0  0/0    22:50   4:11   1:35 
Brian Flynn              0  0  0  -1  0   2  2  0  2  0  17/27  23:25   5:18   1:15 
Cam Atkinson             0  1  1   0  0   5  4  0  0  0  0/1    19:05   4:32   1:15 
Dana Tyrell              0  1  1   1  2   2  5  1  0  0  4/9    16:42   4:33   0:00 
Daniel Catenacci         0  0  0   0  0   0  0  0  0  0  1/2     7:12   0:00   0:00 
Hugh Jessiman            0  0  0  -1  2   2  4  0  1  0  2/2    12:39   0:14   0:00 
Jesper Fast              0  0  0   0  0   2  0  0  0  0  0/1     9:09   0:04   0:47 
Jesse Joensuu            1  0  1   1  0   5  2  0  0  0  0/0    16:26   4:23   0:00 
Jordie Benn              0  0  0   0  0   0  1  1  0  0  0/0    11:56   0:00   0:00 
Mathieu Perreault        0  1  1  -1  0   6  1  0  0  0  8/11   12:02   0:05   0:00 
Niklas Hjalmarsson       0  0  0  -1  0   3  1  4  1  4  0/0    29:34   5:44   2:23 
Phil Oreskovic           0  0  0  -1  0   1  0  1  0  0  0/0    29:34   5:44   2:23 
Robert Klinkhammer       0  0  0   0  0   1  0  0  0  0  0/0     7:12   0:00   0:00 
Shawn Matthias           0  0  0   0  0   2  0  2  0  0  2/2    25:01   5:18   2:09 
Tyson Barrie             0  0  0   0  0   0  1  0  0  1  0/0    11:56   0:00   0:00 
Yannick Weber            0  0  0   0  0   0  2  1  2  0  0/0    22:50   4:11   1:35 

3 Stars

1 - Andrei Vasilevskiy (Nyc)
2 - Aaron Ness (Nyc)
3 - David Kolomatis (Nyc)

Power Play

Patriotes - 0 on 2 Attempt(s) - 0.00%
Little Stars - 0 on 5 Attempt(s) - 0.00%

Penalty Kill

Patriotes - 5 on 5 Attempt(s) - 100.00% - Score 0 goal in Penalty Kill
Little Stars - 2 on 2 Attempt(s) - 100.00% - Score 0 goal in Penalty Kill

Team Stat

Patriotes - Hits : 32 - Faceoff Wins : 25 - Blocked Shots : 17 - Penalty Minutes : 10
Little Stars - Hits : 28 - Faceoff Wins : 39 - Blocked Shots : 12 - Penalty Minutes : 4

Official

Referees : VanMassenhoven Don and Devorski Paul
Linesman : Steve Miller and Jonny Murray

Game Notes

No Game Note

Finance

Level 1 -- Attendance: 1422 (71.10%) -- Ticket Income $56,880
Level 2 -- Attendance: 797 (79.70%) -- Ticket Income $15,940
Total Attendance: 2219 (73.97%)
Total Ticket Income: $72,820
Other Income: $3,641
Total Income: $76,461

Patriotes

5 vs 5 Forward 
   Center                   Left Wing                Right Wing               Time % Phy DF OF 
 1 Christian Hanson         Fedor Fedorov            Andrew Gordon            40     1   2  2  
 2 Evgeny Kuznetsov         Matt Calvert             Tyler Randell            30     1   2  2  
 3 Phil McRae               Justin Florek            Mark Stone               20     1   2  2  
 4 Jared Knight             Vince Hinostroza         Emerson Etem             10     1   2  2  

5 vs 5 Defense 
   Defense                  Defense                                           Time % Phy DF OF 
 1 Ryan Wilson              Anthony Bitetto                                   40     1   2  2  
 2 David Kolomatis          Aaron Ness                                        30     1   2  2  
 3 Robbie Russo             Ryan Wilson                                       20     1   2  2  
 4 Anthony Bitetto          David Kolomatis                                   10     1   2  2  

PowerPlay Forward 
   Center                   Left Wing                Right Wing               Time % Phy DF OF 
 1 Christian Hanson         Fedor Fedorov            Andrew Gordon            60     1   2  2  
 2 Evgeny Kuznetsov         Matt Calvert             Tyler Randell            40     1   2  2  

PowerPlay Defense
   Defense                  Defense                                           Time % Phy DF OF 
 1 Ryan Wilson              Anthony Bitetto                                   60     1   2  2  
 2 David Kolomatis          Aaron Ness                                        40     1   2  2  

Penalty Kill 4 Players Forward 
   Center                   Wing                     Time % Phy DF OF 
 1 Andrew Gordon            Christian Hanson         60     1   2  2  
 2 Fedor Fedorov            Tyler Randell            40     1   2  2  

Penalty Kill 4 Players Defense
   Defense                  Defense                  Time % Phy DF OF 
 1 Ryan Wilson              Anthony Bitetto          60     1   2  2  
 2 David Kolomatis          Aaron Ness               40     1   2  2  

Penalty Kill - 3 Players Forward 
   Forward                                           Time % Phy DF OF 
 1 Andrew Gordon                                     60     1   2  2  
 2 Christian Hanson                                  40     1   2  2  

Penalty Kill - 3 Players Defense
   Defense                  Defense                  Time % Phy DF OF 
 1 Ryan Wilson              Anthony Bitetto          60     1   2  2  
 2 David Kolomatis          Aaron Ness               40     1   2  2  

4 vs 4 Forward 
   Center                   Wing                     Time % Phy DF OF 
 1 Andrew Gordon            Christian Hanson         60     1   2  2  
 2 Fedor Fedorov            Tyler Randell            40     1   2  2  

4 vs 4 Defense
   Defense                  Defense                  Time % Phy DF OF 
 1 Ryan Wilson              Anthony Bitetto          60     1   2  2  
 2 David Kolomatis          Aaron Ness               40     1   2  2  

Last Minutes Offensive
   Center                   Left Wing                Right Wing               Defense                  Defense                  
   Christian Hanson         Fedor Fedorov            Andrew Gordon            Ryan Wilson              Anthony Bitetto          

Last Minutes Defensive
   Center                   Left Wing                Right Wing               Defense                  Defense                  
   Christian Hanson         Fedor Fedorov            Andrew Gordon            Ryan Wilson              Anthony Bitetto          

Goaltenders
Starting : Andrei Vasilevskiy       
Backup : Marek Schwarz            

Extra Forwards
Normal : Scott Glennie, Austin Watson, Riley Barber - PP : Scott Glennie, Austin Watson - PK : Riley Barber
Extra Defensemen
Normal : Robbie Russo, Aaron Ness, Ryan Wilson - PP : Robbie Russo - PK : Aaron Ness, Ryan Wilson
Penalty Shots
Andrew Gordon, Christian Hanson, Fedor Fedorov, Tyler Randell, Matt Calvert

Scratches
Alex Petrovic (Healthy), Timothy Kunes (Healthy), Zenon Konopka (Healthy), Phoenix Copley (Healthy)

Little Stars

5 vs 5 Forward 
   Center                   Left Wing                Right Wing               Time % Phy DF OF 
 1 Brian Flynn              Shawn Matthias           Alex Chiasson            40     1   2  2  
 2 Dana Tyrell              Jesse Joensuu            Cam Atkinson             30     1   2  2  
 3 Mathieu Perreault        Alexander Vasyunov       Hugh Jessiman            20     1   2  2  
 4 Daniel Catenacci         Robert Klinkhammer       Jesper Fast              10     1   2  2  

5 vs 5 Defense 
   Defense                  Defense                                           Time % Phy DF OF 
 1 Niklas Hjalmarsson       Phil Oreskovic                                    40     1   2  2  
 2 Yannick Weber            Andrej Sustr                                      30     1   2  2  
 3 Jordie Benn              Tyson Barrie                                      20     1   2  2  
 4 Niklas Hjalmarsson       Phil Oreskovic                                    10     1   2  2  

PowerPlay Forward 
   Center                   Left Wing                Right Wing               Time % Phy DF OF 
 1 Brian Flynn              Shawn Matthias           Alex Chiasson            60     1   2  2  
 2 Dana Tyrell              Jesse Joensuu            Cam Atkinson             40     1   2  2  

PowerPlay Defense
   Defense                  Defense                                           Time % Phy DF OF 
 1 Niklas Hjalmarsson       Phil Oreskovic                                    60     1   2  2  
 2 Yannick Weber            Andrej Sustr                                      40     1   2  2  

Penalty Kill 4 Players Forward 
   Center                   Wing                     Time % Phy DF OF 
 1 Alex Chiasson            Shawn Matthias           60     1   2  2  
 2 Cam Atkinson             Brian Flynn              40     1   2  2  

Penalty Kill 4 Players Defense
   Defense                  Defense                  Time % Phy DF OF 
 1 Niklas Hjalmarsson       Phil Oreskovic           60     1   2  2  
 2 Yannick Weber            Andrej Sustr             40     1   2  2  

Penalty Kill - 3 Players Forward 
   Forward                                           Time % Phy DF OF 
 1 Alex Chiasson                                     60     1   2  2  
 2 Shawn Matthias                                    40     1   2  2  

Penalty Kill - 3 Players Defense
   Defense                  Defense                  Time % Phy DF OF 
 1 Niklas Hjalmarsson       Phil Oreskovic           60     1   2  2  
 2 Yannick Weber            Andrej Sustr             40     1   2  2  

4 vs 4 Forward 
   Center                   Wing                     Time % Phy DF OF 
 1 Alex Chiasson            Shawn Matthias           60     1   2  2  
 2 Cam Atkinson             Brian Flynn              40     1   2  2  

4 vs 4 Defense
   Defense                  Defense                  Time % Phy DF OF 
 1 Niklas Hjalmarsson       Phil Oreskovic           60     1   2  2  
 2 Yannick Weber            Andrej Sustr             40     1   2  2  

Last Minutes Offensive
   Center                   Left Wing                Right Wing               Defense                  Defense                  
   Brian Flynn              Shawn Matthias           Alex Chiasson            Niklas Hjalmarsson       Phil Oreskovic           

Last Minutes Defensive
   Center                   Left Wing                Right Wing               Defense                  Defense                  
   Brian Flynn              Shawn Matthias           Alex Chiasson            Niklas Hjalmarsson       Phil Oreskovic           

Goaltenders
Starting : Jhonas Enroth            
Backup : Peter Delmas             

Extra Forwards
Normal : Hugh Jessiman, Mathieu Perreault, Jesper Fast - PP : Hugh Jessiman, Mathieu Perreault - PK : Jesper Fast
Extra Defensemen
Normal : Jordie Benn, Tyson Barrie, Yannick Weber - PP : Jordie Benn - PK : Tyson Barrie, Yannick Weber
Penalty Shots
Alex Chiasson, Shawn Matthias, Cam Atkinson, Brian Flynn, Hugh Jessiman

Scratches
Daniel O'regan (Healthy), Michael Mersch (Healthy), Scott Harrington (Healthy), Reece Willcox (Healthy), Ville Pokka (Healthy)
Tyler Wotherspoon (Healthy), Alexander Khokhlachev (Healthy), Anthony Camara (Healthy), Duncan Siemens (Healthy), Dillon Simpson (Healthy)
Scott Kosmachuck (Healthy), Anthony Stolarz (Healthy)

% Time on Ice - Patriotes

Lines # - Real PCT - Wanted PCT - Time Play
Normal Forward
1 - 35% - 40% - 16:13
2 - 27% - 30% - 12:27
3 - 23% - 20% - 10:35
4 - 15% - 10% - 6:52
Normal Defense
1 - 41% - 40% - 18:51
2 - 32% - 30% - 14:48
3 - 20% - 20% - 9:12
4 - 7% - 10% - 3:16
PP Forward
1 - 47% - 60% - 1:53
2 - 53% - 40% - 2:05
PP Defense
1 - 54% - 60% - 2:08
2 - 46% - 40% - 1:50
PK Forward
1 - 72% - 60% - 7:10
2 - 28% - 40% - 2:45
PK Defense
1 - 62% - 60% - 6:08
2 - 38% - 40% - 3:47
PK3 Forward
1 - 0% - 60%
2 - 0% - 40%
PK3 Defense
1 - 0% - 60%
2 - 0% - 40%
44 Forward
1 - 75% - 60% - 3:15
2 - 25% - 40% - 1:05
44 Defense
1 - 48% - 60% - 2:04
2 - 52% - 40% - 2:16
Last Minute Offensive  - 0:00
Last Minute Defensive  - 0:00
Total
Forward - 64:20
Defense - 64:20

% Time on Ice - Little Stars

Lines # - Real PCT - Wanted PCT - Time Play
Normal Forward
1 - 36% - 40% - 16:23
2 - 26% - 30% - 12:10
3 - 22% - 20% - 10:22
4 - 16% - 10% - 7:12
Normal Defense
1 - 39% - 40% - 18:07
2 - 33% - 30% - 15:19
3 - 25% - 20% - 11:20
4 - 3% - 10% - 1:21
PP Forward
1 - 54% - 60% - 5:22
2 - 46% - 40% - 4:33
PP Defense
1 - 58% - 60% - 5:44
2 - 42% - 40% - 4:11
PK Forward
1 - 68% - 60% - 2:43
2 - 32% - 40% - 1:15
PK Defense
1 - 60% - 60% - 2:23
2 - 40% - 40% - 1:35
PK3 Forward
1 - 0% - 60%
2 - 0% - 40%
PK3 Defense
1 - 0% - 60%
2 - 0% - 40%
44 Forward
1 - 72% - 60% - 3:07
2 - 28% - 40% - 1:13
44 Defense
1 - 60% - 60% - 2:35
2 - 40% - 40% - 1:45
Last Minute Offensive  - 0:00
Last Minute Defensive  - 0:00
Total
Forward - 64:20
Defense - 64:20

Play by Play

1st period


0:01 of 1st period - Christian Hanson wins face-off versus Alex Chiasson in neutral zone.
0:03 of 1st period - Off-side.
0:04 of 1st period - Brian Flynn wins face-off versus Christian Hanson in neutral zone.
0:07 of 1st period - Ryan Wilson is hit by Alex Chiasson and loses puck.
0:33 of 1st period - Phil Oreskovic is hit by Tyler Randell and loses puck.
0:52 of 1st period - Snap shot by Hugh Jessiman.
0:52 of 1st period - Shot Misses the Net.
0:54 of 1st period - Slapshot by Niklas Hjalmarsson.
0:54 of 1st period - Shot Misses the Net.
0:56 of 1st period - Snap shot by Alexander Vasyunov.
0:56 of 1st period - Stopped by Andrei Vasilevskiy without a rebound.
0:57 of 1st period - Mathieu Perreault wins face-off versus Jared Knight in Patriotes zone.
1:23 of 1st period - Phil McRae is hit by Yannick Weber and loses puck.
1:54 of 1st period - Wrist shot by Shawn Matthias.
1:54 of 1st period - Shot Blocked by Aaron Ness.
2:10 of 1st period - Off-side.
2:11 of 1st period - Dana Tyrell wins face-off versus Evgeny Kuznetsov in neutral zone.
2:16 of 1st period - Snap shot by Jesse Joensuu.
2:16 of 1st period - Stopped by Andrei Vasilevskiy with a rebound.
3:07 of 1st period - Phil McRae is hit by Hugh Jessiman and loses puck.
3:44 of 1st period - Andrej Sustr is hit by Evgeny Kuznetsov and loses puck.
3:49 of 1st period - Slapshot by Evgeny Kuznetsov.
3:49 of 1st period - Stopped by Jhonas Enroth with a rebound.
4:05 of 1st period - Alex Chiasson is hit by Christian Hanson and loses puck.
4:24 of 1st period - Snap shot by Hugh Jessiman.
4:24 of 1st period - Shot Misses the Net.
4:26 of 1st period - Slapshot by Phil Oreskovic.
4:26 of 1st period - Shot Misses the Net.
4:40 of 1st period - Wrist shot by Phil Oreskovic.
4:40 of 1st period - Deflect By Jesper Fast.
4:40 of 1st period - Stopped by Andrei Vasilevskiy with a rebound.
4:42 of 1st period - Wrist shot by Robert Klinkhammer.
4:42 of 1st period - Shot Misses the Net.
4:44 of 1st period - Slapshot by Phil Oreskovic.
4:44 of 1st period - Shot Blocked by Ryan Wilson.
4:46 of 1st period - Wrist shot by Robert Klinkhammer.
4:46 of 1st period - Stopped by Andrei Vasilevskiy with a rebound.
4:48 of 1st period - Slapshot by Niklas Hjalmarsson.
4:48 of 1st period - Stopped by Andrei Vasilevskiy without a rebound.
4:49 of 1st period - Brian Flynn wins face-off versus Fedor Fedorov in Patriotes zone.
5:16 of 1st period - Jordie Benn is hit by Tyler Randell and loses puck.
6:19 of 1st period - Snap shot by Mathieu Perreault.
6:19 of 1st period - Shot Misses the Net.
6:21 of 1st period - Backhand shot by Niklas Hjalmarsson.
6:21 of 1st period - Shot Blocked by Fedor Fedorov.
6:23 of 1st period - Wrist shot by Mathieu Perreault.
6:23 of 1st period - Shot Misses the Net.
6:25 of 1st period - Slapshot by Niklas Hjalmarsson.
6:25 of 1st period - Stopped by Andrei Vasilevskiy with a rebound.
7:00 of 1st period - Cam Atkinson is hit by Emerson Etem and loses puck.
7:05 of 1st period - Slapshot by Emerson Etem.
7:05 of 1st period - Shot Misses the Net.
7:17 of 1st period - Wrist shot by Brian Flynn.
7:17 of 1st period - Stopped by Andrei Vasilevskiy with a rebound.
7:25 of 1st period - Snap shot by Brian Flynn.
7:25 of 1st period - Stopped by Andrei Vasilevskiy without a rebound.
7:26 of 1st period - Mathieu Perreault wins face-off versus Phil McRae in Patriotes zone.
7:27 of 1st period - Slapshot by Niklas Hjalmarsson.
7:27 of 1st period - Deflect By Alexander Vasyunov.
7:27 of 1st period - Shot Blocked by David Kolomatis.
7:27 of 1st period - Puck is out of play.
7:28 of 1st period - Mathieu Perreault wins face-off versus Phil McRae in Patriotes zone.
7:35 of 1st period - Snap shot by Justin Florek.
7:35 of 1st period - Stopped by Jhonas Enroth without a rebound.
7:36 of 1st period - Mathieu Perreault wins face-off versus Phil McRae in Little Stars zone.
8:27 of 1st period - Wrist shot by Mark Stone.
8:27 of 1st period - Shot Misses the Net.
8:29 of 1st period - Snap shot by Mark Stone.
8:29 of 1st period - Shot Misses the Net.
8:31 of 1st period - Snap shot by Aaron Ness.
8:31 of 1st period - Stopped by Jhonas Enroth with a rebound.
8:33 of 1st period - Slapshot by Aaron Ness.
8:33 of 1st period - Stopped by Jhonas Enroth with a rebound.
8:35 of 1st period - Slapshot by David Kolomatis.
8:35 of 1st period - Shot Blocked by Niklas Hjalmarsson.
8:37 of 1st period - Snap shot by Phil McRae.
8:37 of 1st period - Stopped by Jhonas Enroth with a rebound.
8:39 of 1st period - Snap shot by Phil McRae.
8:39 of 1st period - Deflect By Justin Florek.
8:39 of 1st period - Goal by Justin Florek - Patriotes : 1 - Little Stars : 0.
8:40 of 1st period - Christian Hanson wins face-off versus Brian Flynn in neutral zone.
9:17 of 1st period - Snap shot by Matt Calvert.
9:17 of 1st period - Shot Misses the Net.
9:29 of 1st period - Emerson Etem is hit by Tyson Barrie and loses puck.
9:36 of 1st period - Wrist shot by Vince Hinostroza.
9:36 of 1st period - Shot Misses the Net.
9:52 of 1st period - Slapshot by Alex Chiasson.
9:52 of 1st period - Stopped by Andrei Vasilevskiy with a rebound.
9:54 of 1st period - Slapshot by Alex Chiasson.
9:54 of 1st period - Stopped by Andrei Vasilevskiy with a rebound.
9:56 of 1st period - Wrist shot by Alex Chiasson.
9:56 of 1st period - Stopped by Andrei Vasilevskiy with a rebound.
9:58 of 1st period - Snap shot by Alex Chiasson.
9:58 of 1st period - Shot Misses the Net.
10:12 of 1st period - Evgeny Kuznetsov is hit by Hugh Jessiman.
10:15 of 1st period - Off-side.
10:16 of 1st period - Brian Flynn wins face-off versus Jared Knight in neutral zone.
10:28 of 1st period - Vince Hinostroza is hit by Brian Flynn and loses puck.
10:42 of 1st period - Minor Penalty to Dana Tyrell for Boarding.
10:43 of 1st period - Alex Chiasson wins face-off versus Christian Hanson in Little Stars zone.
10:43 of 1st period - Alex Chiasson is hit by Andrew Gordon.
11:40 of 1st period - Off-side.
11:41 of 1st period - Andrew Gordon wins face-off versus Cam Atkinson in neutral zone.
12:06 of 1st period - Shawn Matthias is hit by Tyler Randell and loses puck.
12:42 of 1st period - Penalty to Dana Tyrell is over, Dana Tyrell is back on ice.
12:49 of 1st period - Snap shot by Hugh Jessiman.
12:49 of 1st period - Stopped by Andrei Vasilevskiy without a rebound.
12:50 of 1st period - Mathieu Perreault wins face-off versus Phil McRae in Patriotes zone.
12:53 of 1st period - Snap shot by Alexander Vasyunov.
12:53 of 1st period - Goal by Alexander Vasyunov - Patriotes : 1 - Little Stars : 1.
12:54 of 1st period - Christian Hanson wins face-off versus Brian Flynn in neutral zone.
13:21 of 1st period - Evgeny Kuznetsov is hit by Cam Atkinson and loses puck.
13:26 of 1st period - Snap shot by Cam Atkinson.
13:26 of 1st period - Stopped by Andrei Vasilevskiy with a rebound.
13:28 of 1st period - Slapshot by Andrej Sustr.
13:28 of 1st period - Stopped by Andrei Vasilevskiy with a rebound.
13:30 of 1st period - Slapshot by Cam Atkinson.
13:30 of 1st period - Shot Blocked by Tyler Randell.
14:39 of 1st period - Icing by Andrej Sustr.
14:40 of 1st period - Evgeny Kuznetsov wins face-off versus Dana Tyrell in Little Stars zone.
14:49 of 1st period - Wrist shot by Evgeny Kuznetsov.
14:49 of 1st period - Shot Blocked by Dana Tyrell.
14:51 of 1st period - Snap shot by Anthony Bitetto.
14:51 of 1st period - Stopped by Jhonas Enroth with a rebound.
14:53 of 1st period - Snap shot by Evgeny Kuznetsov.
14:53 of 1st period - Stopped by Jhonas Enroth with a rebound.
15:05 of 1st period - Snap shot by Alex Chiasson.
15:05 of 1st period - Stopped by Andrei Vasilevskiy with a rebound.
15:15 of 1st period - Backhand shot by Brian Flynn.
15:15 of 1st period - Shot Blocked by Christian Hanson.
15:17 of 1st period - Snap shot by Alex Chiasson.
15:17 of 1st period - Shot Misses the Net.
15:23 of 1st period - Minor Penalty to David Kolomatis for Hooking.
15:24 of 1st period - Brian Flynn wins face-off versus Andrew Gordon in Patriotes zone.
15:25 of 1st period - Snap shot by Alex Chiasson.
15:25 of 1st period - Shot Blocked by Anthony Bitetto.
15:27 of 1st period - Snap shot by Shawn Matthias.
15:27 of 1st period - Stopped by Andrei Vasilevskiy with a rebound.
15:29 of 1st period - Slapshot by Phil Oreskovic.
15:29 of 1st period - Deflect By Andrew Gordon.
15:29 of 1st period - Stopped by Andrei Vasilevskiy with a rebound.
15:31 of 1st period - Slapshot by Niklas Hjalmarsson.
15:31 of 1st period - Shot Blocked by Christian Hanson.
15:53 of 1st period - Wrist shot by Dana Tyrell.
15:53 of 1st period - Shot Blocked by Christian Hanson.
17:03 of 1st period - Icing by Cam Atkinson.
17:04 of 1st period - Andrew Gordon wins face-off versus Dana Tyrell in Little Stars zone.
17:23 of 1st period - Penalty to David Kolomatis is over, David Kolomatis is back on ice.
17:32 of 1st period - Snap shot by Phil McRae.
17:32 of 1st period - Stopped by Jhonas Enroth with a rebound.
17:34 of 1st period - Snap shot by Tyler Randell.
17:34 of 1st period - Stopped by Jhonas Enroth with a rebound.
17:36 of 1st period - Wrist shot by Justin Florek.
17:36 of 1st period - Stopped by Jhonas Enroth without a rebound.
17:37 of 1st period - Mathieu Perreault wins face-off versus Mark Stone in Little Stars zone.
18:13 of 1st period - Snap shot by Cam Atkinson.
18:13 of 1st period - Deflect By Ryan Wilson.
18:13 of 1st period - Stopped by Andrei Vasilevskiy without a rebound.
18:14 of 1st period - Alex Chiasson wins face-off versus Evgeny Kuznetsov in Patriotes zone.
19:42 of 1st period - Snap shot by Evgeny Kuznetsov.
19:42 of 1st period - Deflect By Tyler Randell.
19:42 of 1st period - Shot Blocked by Jordie Benn.
19:42 of 1st period - Puck is out of play.
19:43 of 1st period - Brian Flynn wins face-off versus Evgeny Kuznetsov in Little Stars zone.
19:43 of 1st period - Brian Flynn is hit by Matt Calvert.
19:49 of 1st period - Wrist shot by Alex Chiasson.
19:49 of 1st period - Stopped by Andrei Vasilevskiy with a rebound.
19:51 of 1st period - Slapshot by Niklas Hjalmarsson.
19:51 of 1st period - Shot Misses the Net.
Goals for this period are 1 for Patriotes vs 1 for Little Stars.
Shots for this period are 11 for Patriotes vs 20 for Little Stars.

2nd period


0:01 of 2nd period - Christian Hanson wins face-off versus Brian Flynn in neutral zone.
0:53 of 2nd period - Slapshot by Jesper Fast.
0:53 of 2nd period - Shot Blocked by Anthony Bitetto.
1:11 of 2nd period - Snap shot by Hugh Jessiman.
1:11 of 2nd period - Shot Misses the Net.
1:17 of 2nd period - Snap shot by Hugh Jessiman.
1:17 of 2nd period - Stopped by Andrei Vasilevskiy with a rebound.
1:33 of 2nd period - Wrist shot by Emerson Etem.
1:33 of 2nd period - Shot Misses the Net.
1:43 of 2nd period - Wrist shot by Emerson Etem.
1:43 of 2nd period - Stopped by Jhonas Enroth with a rebound.
2:01 of 2nd period - Wrist shot by Alex Chiasson.
2:01 of 2nd period - Shot Blocked by Ryan Wilson.
2:03 of 2nd period - Slapshot by Andrej Sustr.
2:03 of 2nd period - Stopped by Andrei Vasilevskiy without a rebound.
2:04 of 2nd period - Dana Tyrell wins face-off versus Christian Hanson in Patriotes zone.
2:05 of 2nd period - Snap shot by Cam Atkinson.
2:05 of 2nd period - Stopped by Andrei Vasilevskiy with a rebound.
2:07 of 2nd period - Slapshot by Dana Tyrell.
2:07 of 2nd period - Deflect By Jesse Joensuu.
2:07 of 2nd period - Stopped by Andrei Vasilevskiy with a rebound.
2:09 of 2nd period - Snap shot by Dana Tyrell.
2:09 of 2nd period - Stopped by Andrei Vasilevskiy with a rebound.
2:11 of 2nd period - Snap shot by Jesse Joensuu.
2:11 of 2nd period - Stopped by Andrei Vasilevskiy without a rebound.
2:12 of 2nd period - Christian Hanson wins face-off versus Dana Tyrell in Patriotes zone.
2:34 of 2nd period - Icing by Jordie Benn.
2:35 of 2nd period - Evgeny Kuznetsov wins face-off versus Mathieu Perreault in Little Stars zone.
2:50 of 2nd period - Backhand shot by Evgeny Kuznetsov.
2:50 of 2nd period - Stopped by Jhonas Enroth with a rebound.
3:26 of 2nd period - Minor Penalty to Mark Stone for Hooking.
3:27 of 2nd period - Shawn Matthias wins face-off versus Andrew Gordon in Patriotes zone.
3:37 of 2nd period - Snap shot by Shawn Matthias.
3:37 of 2nd period - Shot Misses the Net.
3:39 of 2nd period - Backhand shot by Alex Chiasson.
3:39 of 2nd period - Shot Misses the Net.
3:41 of 2nd period - Slapshot by Alex Chiasson.
3:41 of 2nd period - Stopped by Andrei Vasilevskiy with a rebound.
3:43 of 2nd period - Slapshot by Phil Oreskovic.
3:43 of 2nd period - Shot Blocked by Aaron Ness.
3:53 of 2nd period - Jesse Joensuu is hit by Aaron Ness and loses puck.
4:36 of 2nd period - Cam Atkinson is hit by Fedor Fedorov and loses puck.
5:19 of 2nd period - Aaron Ness is hit by Alex Chiasson and loses puck.
5:26 of 2nd period - Penalty to Mark Stone is over, Mark Stone is back on ice.
5:36 of 2nd period - Mark Stone is hit by Hugh Jessiman and loses puck.
6:01 of 2nd period - Snap shot by Matt Calvert.
6:01 of 2nd period - Stopped by Jhonas Enroth without a rebound.
6:02 of 2nd period - Daniel Catenacci wins face-off versus Jared Knight in Little Stars zone.
6:16 of 2nd period - Robert Klinkhammer is hit by Ryan Wilson and loses puck.
6:27 of 2nd period - Tyson Barrie is hit by Anthony Bitetto and loses puck.
6:36 of 2nd period - Tyson Barrie is hit by Phil McRae and loses puck.
7:00 of 2nd period - Slapshot by Niklas Hjalmarsson.
7:00 of 2nd period - Shot Blocked by David Kolomatis.
7:02 of 2nd period - Slapshot by Phil Oreskovic.
7:02 of 2nd period - Shot Blocked by Robbie Russo.
7:20 of 2nd period - Christian Hanson is hit by Cam Atkinson and loses puck.
7:39 of 2nd period - Snap shot by Emerson Etem.
7:39 of 2nd period - Stopped by Jhonas Enroth with a rebound.
7:57 of 2nd period - Slapshot by Ryan Wilson.
7:57 of 2nd period - Shot Blocked by Shawn Matthias.
7:59 of 2nd period - Wrist shot by Mark Stone.
7:59 of 2nd period - Shot Misses the Net.
8:01 of 2nd period - Slapshot by Anthony Bitetto.
8:01 of 2nd period - Stopped by Jhonas Enroth with a rebound.
8:32 of 2nd period - Slapshot by Mathieu Perreault.
8:32 of 2nd period - Stopped by Andrei Vasilevskiy with a rebound.
8:41 of 2nd period - Wrist shot by Matt Calvert.
8:41 of 2nd period - Stopped by Jhonas Enroth with a rebound.
8:55 of 2nd period - Snap shot by Emerson Etem.
8:55 of 2nd period - Shot Blocked by Niklas Hjalmarsson.
8:57 of 2nd period - Slapshot by Tyler Randell.
8:57 of 2nd period - Stopped by Jhonas Enroth without a rebound.
8:58 of 2nd period - Christian Hanson wins face-off versus Brian Flynn in Little Stars zone.
9:01 of 2nd period - Wrist shot by Fedor Fedorov.
9:01 of 2nd period - Stopped by Jhonas Enroth with a rebound.
9:03 of 2nd period - Wrist shot by Andrew Gordon.
9:03 of 2nd period - Stopped by Jhonas Enroth without a rebound.
9:04 of 2nd period - Shawn Matthias wins face-off versus Christian Hanson in Little Stars zone.
9:31 of 2nd period - Dana Tyrell is hit by Matt Calvert and loses puck.
10:27 of 2nd period - Phil Oreskovic is hit by Aaron Ness and loses puck.
10:43 of 2nd period - Jesper Fast is hit by David Kolomatis and loses puck.
11:05 of 2nd period - Aaron Ness is hit by Jesse Joensuu and loses puck.
11:30 of 2nd period - Minor Penalty to Justin Florek for Holding.
11:31 of 2nd period - Andrew Gordon wins face-off versus Brian Flynn in Patriotes zone.
11:57 of 2nd period - Phil Oreskovic is hit by Anthony Bitetto and loses puck.
13:30 of 2nd period - Penalty to Justin Florek is over, Justin Florek is back on ice.
13:32 of 2nd period - Icing by Robbie Russo.
13:33 of 2nd period - Hugh Jessiman wins face-off versus Evgeny Kuznetsov in Patriotes zone.
13:51 of 2nd period - Icing by Phil Oreskovic.
13:52 of 2nd period - Hugh Jessiman wins face-off versus Christian Hanson in Little Stars zone.
14:01 of 2nd period - Snap shot by Mathieu Perreault.
14:01 of 2nd period - Stopped by Andrei Vasilevskiy with a rebound.
14:03 of 2nd period - Wrist shot by Hugh Jessiman.
14:03 of 2nd period - Shot Blocked by Anthony Bitetto.
14:05 of 2nd period - Snap shot by Mathieu Perreault.
14:05 of 2nd period - Stopped by Andrei Vasilevskiy with a rebound.
14:07 of 2nd period - Snap shot by Mathieu Perreault.
14:07 of 2nd period - Stopped by Andrei Vasilevskiy with a rebound.
14:09 of 2nd period - Wrist shot by Mathieu Perreault.
14:09 of 2nd period - Stopped by Andrei Vasilevskiy without a rebound.
14:10 of 2nd period - Evgeny Kuznetsov wins face-off versus Brian Flynn in Patriotes zone.
14:37 of 2nd period - Christian Hanson is hit by Dana Tyrell.
15:11 of 2nd period - Slapshot by Ryan Wilson.
15:11 of 2nd period - Deflect By Andrew Gordon.
15:11 of 2nd period - Shot Misses the Net.
15:11 of 2nd period - Puck is out of play.
15:12 of 2nd period - Brian Flynn wins face-off versus Evgeny Kuznetsov in Little Stars zone.
15:23 of 2nd period - Wrist shot by Tyler Randell.
15:23 of 2nd period - Shot Blocked by Shawn Matthias.
15:37 of 2nd period - Aaron Ness is hit by Dana Tyrell and loses puck.
16:06 of 2nd period - Andrej Sustr is hit by Ryan Wilson and loses puck.
16:15 of 2nd period - Minor Penalty to Ryan Wilson for Tripping.
16:16 of 2nd period - Brian Flynn wins face-off versus Andrew Gordon in Patriotes zone.
16:44 of 2nd period - Icing by Phil Oreskovic.
16:45 of 2nd period - Dana Tyrell wins face-off versus Fedor Fedorov in Little Stars zone.
18:15 of 2nd period - Penalty to Ryan Wilson is over, Ryan Wilson is back on ice.
18:17 of 2nd period - Snap shot by Ryan Wilson.
18:17 of 2nd period - Shot Blocked by Andrej Sustr.
18:19 of 2nd period - Wrist shot by David Kolomatis.
18:19 of 2nd period - Stopped by Jhonas Enroth without a rebound.
18:20 of 2nd period - Mathieu Perreault wins face-off versus Evgeny Kuznetsov in Little Stars zone.
18:20 of 2nd period - Mathieu Perreault is hit by Ryan Wilson.
18:34 of 2nd period - Snap shot by Alexander Vasyunov.
18:34 of 2nd period - Shot Misses the Net.
18:46 of 2nd period - Jesper Fast is hit by Mark Stone and loses puck.
19:28 of 2nd period - Wrist shot by Matt Calvert.
19:28 of 2nd period - Deflect By Alex Chiasson.
19:28 of 2nd period - Shot Misses the Net.
19:28 of 2nd period - Puck is out of play.
19:29 of 2nd period - Brian Flynn wins face-off versus Evgeny Kuznetsov in Little Stars zone.
19:54 of 2nd period - Hugh Jessiman is hit by Ryan Wilson.
Goals for this period are 0 for Patriotes vs 0 for Little Stars.
Shots for this period are 10 for Patriotes vs 12 for Little Stars.

3rd period


0:01 of 3rd period - Brian Flynn wins face-off versus Christian Hanson in neutral zone.
0:09 of 3rd period - Snap shot by Ryan Wilson.
0:09 of 3rd period - Stopped by Jhonas Enroth with a rebound.
0:48 of 3rd period - Mathieu Perreault is hit by David Kolomatis.
1:02 of 3rd period - Alexander Vasyunov is hit by Mark Stone.
1:14 of 3rd period - Snap shot by Andrew Gordon.
1:14 of 3rd period - Stopped by Jhonas Enroth without a rebound.
1:15 of 3rd period - Christian Hanson wins face-off versus Daniel Catenacci in Little Stars zone.
2:09 of 3rd period - Slapshot by Ryan Wilson.
2:09 of 3rd period - Stopped by Jhonas Enroth without a rebound.
2:10 of 3rd period - Brian Flynn wins face-off versus Christian Hanson in Little Stars zone.
3:20 of 3rd period - Slapshot by Shawn Matthias.
3:20 of 3rd period - Stopped by Andrei Vasilevskiy with a rebound.
3:22 of 3rd period - Wrist shot by Brian Flynn.
3:22 of 3rd period - Shot Misses the Net.
3:24 of 3rd period - Snap shot by Shawn Matthias.
3:24 of 3rd period - Shot Misses the Net.
3:26 of 3rd period - Backhand shot by Phil Oreskovic.
3:26 of 3rd period - Shot Hit the Post.
3:28 of 3rd period - Slapshot by Niklas Hjalmarsson.
3:28 of 3rd period - Stopped by Andrei Vasilevskiy with a rebound.
4:10 of 3rd period - Slapshot by Anthony Bitetto.
4:10 of 3rd period - Stopped by Jhonas Enroth without a rebound.
4:11 of 3rd period - Brian Flynn wins face-off versus Christian Hanson in Little Stars zone.
4:45 of 3rd period - Snap shot by Dana Tyrell.
4:45 of 3rd period - Stopped by Andrei Vasilevskiy without a rebound.
4:46 of 3rd period - Christian Hanson wins face-off versus Dana Tyrell in Patriotes zone.
4:46 of 3rd period - Christian Hanson is hit by Dana Tyrell.
4:54 of 3rd period - Cam Atkinson is hit by Christian Hanson and loses puck.
5:07 of 3rd period - Minor Penalty to Anthony Bitetto for Holding.
5:08 of 3rd period - Brian Flynn wins face-off versus Andrew Gordon in Patriotes zone.
5:58 of 3rd period - Shawn Matthias is hit by David Kolomatis and loses puck.
7:07 of 3rd period - Penalty to Anthony Bitetto is over, Anthony Bitetto is back on ice.
7:18 of 3rd period - Phil McRae is hit by Niklas Hjalmarsson and loses puck.
7:23 of 3rd period - Snap shot by Jesper Fast.
7:23 of 3rd period - Stopped by Andrei Vasilevskiy with a rebound.
7:25 of 3rd period - Wrist shot by Jordie Benn.
7:25 of 3rd period - Shot Blocked by Robbie Russo.
7:37 of 3rd period - Wrist shot by Jared Knight.
7:37 of 3rd period - Deflect By Emerson Etem.
7:37 of 3rd period - Shot Misses the Net.
7:37 of 3rd period - Puck is out of play.
7:38 of 3rd period - Jared Knight wins face-off versus Mathieu Perreault in Little Stars zone.
8:12 of 3rd period - Snap shot by Jesper Fast.
8:12 of 3rd period - Shot Blocked by Ryan Wilson.
8:26 of 3rd period - Slapshot by Tyler Randell.
8:26 of 3rd period - Stopped by Jhonas Enroth with a rebound.
8:28 of 3rd period - Snap shot by Aaron Ness.
8:28 of 3rd period - Stopped by Jhonas Enroth without a rebound.
8:29 of 3rd period - Brian Flynn wins face-off versus Matt Calvert in Little Stars zone.
8:29 of 3rd period - Brian Flynn is hit by Tyler Randell.
8:56 of 3rd period - Fedor Fedorov is hit by Dana Tyrell and loses puck.
9:23 of 3rd period - Slapshot by Mark Stone.
9:23 of 3rd period - Stopped by Jhonas Enroth with a rebound.
9:25 of 3rd period - Slapshot by Phil McRae.
9:25 of 3rd period - Shot Misses the Net.
9:27 of 3rd period - Snap shot by Justin Florek.
9:27 of 3rd period - Stopped by Jhonas Enroth without a rebound.
9:28 of 3rd period - Brian Flynn wins face-off versus Evgeny Kuznetsov in Little Stars zone.
9:28 of 3rd period - Yannick Weber is hit by Matt Calvert and loses puck.
9:43 of 3rd period - Wrist shot by Brian Flynn.
9:43 of 3rd period - Shot Hit the Post.
9:53 of 3rd period - Fedor Fedorov is hit by Jesse Joensuu and loses puck.
10:02 of 3rd period - Snap shot by Jesse Joensuu.
10:02 of 3rd period - Goal by Jesse Joensuu - Patriotes : 1 - Little Stars : 2.
10:03 of 3rd period - Christian Hanson wins face-off versus Brian Flynn in neutral zone.
11:34 of 3rd period - Robbie Russo is hit by Yannick Weber and loses puck.
12:16 of 3rd period - Hugh Jessiman is hit by Phil McRae and loses puck.
12:21 of 3rd period - Backhand shot by Phil McRae.
12:21 of 3rd period - Stopped by Jhonas Enroth with a rebound.
12:23 of 3rd period - Wrist shot by Mark Stone.
12:23 of 3rd period - Goal by Mark Stone - Patriotes : 2 - Little Stars : 2.
12:24 of 3rd period - Christian Hanson wins face-off versus Brian Flynn in neutral zone.
12:33 of 3rd period - Wrist shot by Andrew Gordon.
12:33 of 3rd period - Stopped by Jhonas Enroth without a rebound.
12:34 of 3rd period - Christian Hanson wins face-off versus Brian Flynn in Little Stars zone.
12:43 of 3rd period - Snap shot by Andrew Gordon.
12:43 of 3rd period - Deflect By Christian Hanson.
12:43 of 3rd period - Stopped by Jhonas Enroth without a rebound.
12:44 of 3rd period - Brian Flynn wins face-off versus Christian Hanson in Little Stars zone.
13:00 of 3rd period - Off-side.
13:01 of 3rd period - Dana Tyrell wins face-off versus Evgeny Kuznetsov in neutral zone.
13:06 of 3rd period - Icing by Anthony Bitetto.
13:07 of 3rd period - Evgeny Kuznetsov wins face-off versus Dana Tyrell in Patriotes zone.
13:18 of 3rd period - Slapshot by Matt Calvert.
13:18 of 3rd period - Deflect By Tyler Randell.
13:18 of 3rd period - Stopped by Jhonas Enroth without a rebound.
13:19 of 3rd period - Christian Hanson wins face-off versus Alex Chiasson in Little Stars zone.
13:44 of 3rd period - Anthony Bitetto is hit by Dana Tyrell and loses puck.
13:55 of 3rd period - Wrist shot by Cam Atkinson.
13:55 of 3rd period - Stopped by Andrei Vasilevskiy without a rebound.
13:56 of 3rd period - Brian Flynn wins face-off versus Christian Hanson in Patriotes zone.
14:23 of 3rd period - Dana Tyrell is hit by Evgeny Kuznetsov and loses puck.
14:42 of 3rd period - Wrist shot by Jesse Joensuu.
14:42 of 3rd period - Stopped by Andrei Vasilevskiy with a rebound.
14:48 of 3rd period - Slapshot by Mathieu Perreault.
14:48 of 3rd period - Stopped by Andrei Vasilevskiy with a rebound.
14:50 of 3rd period - Slapshot by Andrej Sustr.
14:50 of 3rd period - Stopped by Andrei Vasilevskiy without a rebound.
14:51 of 3rd period - Brian Flynn wins face-off versus Christian Hanson in Patriotes zone.
15:04 of 3rd period - Slapshot by Christian Hanson.
15:04 of 3rd period - Shot Misses the Net.
15:16 of 3rd period - Mark Stone is hit by Hugh Jessiman and loses puck.
15:59 of 3rd period - Snap shot by Fedor Fedorov.
15:59 of 3rd period - Shot Misses the Net.
16:01 of 3rd period - Slapshot by David Kolomatis.
16:01 of 3rd period - Stopped by Jhonas Enroth without a rebound.
16:02 of 3rd period - Christian Hanson wins face-off versus Brian Flynn in Little Stars zone.
16:15 of 3rd period - Slapshot by Ryan Wilson.
16:15 of 3rd period - Shot Blocked by Yannick Weber.
16:21 of 3rd period - Fedor Fedorov is hit by Brian Flynn.
16:25 of 3rd period - Shawn Matthias is hit by Christian Hanson and loses puck.
16:32 of 3rd period - Christian Hanson is hit by Jordie Benn.
16:54 of 3rd period - Niklas Hjalmarsson is hit by Andrew Gordon.
17:00 of 3rd period - Christian Hanson is hit by Alex Chiasson and loses puck.
17:17 of 3rd period - Snap shot by Fedor Fedorov.
17:17 of 3rd period - Stopped by Jhonas Enroth with a rebound.
17:19 of 3rd period - Snap shot by Christian Hanson.
17:19 of 3rd period - Shot Blocked by Alex Chiasson.
17:21 of 3rd period - Slapshot by Anthony Bitetto.
17:21 of 3rd period - Deflect By Brian Flynn.
17:21 of 3rd period - Stopped by Jhonas Enroth with a rebound.
17:23 of 3rd period - Wrist shot by Fedor Fedorov.
17:23 of 3rd period - Shot Misses the Net.
17:25 of 3rd period - Slapshot by David Kolomatis.
17:25 of 3rd period - Deflect By Christian Hanson.
17:25 of 3rd period - Shot Blocked by Niklas Hjalmarsson.
17:25 of 3rd period - Puck is out of play.
17:26 of 3rd period - Phil McRae wins face-off versus Mathieu Perreault in Little Stars zone.
17:31 of 3rd period - Slapshot by Justin Florek.
17:31 of 3rd period - Deflect By Phil McRae.
17:31 of 3rd period - Shot Misses the Net.
17:31 of 3rd period - Puck is out of play.
17:32 of 3rd period - Mathieu Perreault wins face-off versus Justin Florek in Little Stars zone.
17:34 of 3rd period - Minor Penalty to Hugh Jessiman for Hooking.
17:35 of 3rd period - Alex Chiasson wins face-off versus Evgeny Kuznetsov in Little Stars zone.
17:47 of 3rd period - Snap shot by Evgeny Kuznetsov.
17:47 of 3rd period - Shot Misses the Net.
17:49 of 3rd period - Wrist shot by Matt Calvert.
17:49 of 3rd period - Stopped by Jhonas Enroth without a rebound.
17:50 of 3rd period - Evgeny Kuznetsov wins face-off versus Jesper Fast in Little Stars zone.
17:51 of 3rd period - Snap shot by Ryan Wilson.
17:51 of 3rd period - Shot Misses the Net.
17:53 of 3rd period - Snap shot by Tyler Randell.
17:53 of 3rd period - Shot Blocked by Niklas Hjalmarsson.
17:55 of 3rd period - Slapshot by Anthony Bitetto.
17:55 of 3rd period - Deflect By Matt Calvert.
17:55 of 3rd period - Shot Blocked by Phil Oreskovic.
17:55 of 3rd period - Puck is out of play.
17:56 of 3rd period - Alex Chiasson wins face-off versus Evgeny Kuznetsov in Little Stars zone.
18:09 of 3rd period - Snap shot by Matt Calvert.
18:09 of 3rd period - Shot Misses the Net.
18:11 of 3rd period - Slapshot by Tyler Randell.
18:11 of 3rd period - Shot Misses the Net.
19:34 of 3rd period - Penalty to Hugh Jessiman is over, Hugh Jessiman is back on ice.
Goals for this period are 1 for Patriotes vs 1 for Little Stars.
Shots for this period are 17 for Patriotes vs 9 for Little Stars.

Overtime #1


0:01 of 1st overtime period - Andrew Gordon wins face-off versus Alex Chiasson in neutral zone.
0:03 of 1st overtime period - Off-side.
0:04 of 1st overtime period - Andrew Gordon wins face-off versus Alex Chiasson in neutral zone.
1:11 of 1st overtime period - David Kolomatis is hit by Cam Atkinson and loses puck.
1:22 of 1st overtime period - Snap shot by Cam Atkinson.
1:22 of 1st overtime period - Stopped by Andrei Vasilevskiy without a rebound.
1:23 of 1st overtime period - Alex Chiasson wins face-off versus Andrew Gordon in Patriotes zone.
2:24 of 1st overtime period - Hugh Jessiman is hit by Aaron Ness and loses puck.
2:35 of 1st overtime period - Anthony Bitetto is hit by Alex Chiasson and loses puck.
2:57 of 1st overtime period - Snap shot by Ryan Wilson.
2:57 of 1st overtime period - Stopped by Jhonas Enroth with a rebound.
3:03 of 1st overtime period - Anthony Bitetto is hit by Cam Atkinson and loses puck.
3:20 of 1st overtime period - David Kolomatis is hit by Mathieu Perreault and loses puck.
3:41 of 1st overtime period - Aaron Ness is hit by Andrej Sustr and loses puck.
4:20 of 1st overtime period - Wrist shot by Fedor Fedorov.
4:20 of 1st overtime period - Goal by Fedor Fedorov - Patriotes : 3 - Little Stars : 2.
Goals for this period are 1 for Patriotes vs 0 for Little Stars.
Shots for this period are 2 for Patriotes vs 1 for Little Stars.